 Dungeon Crawl Stone Soup version 0.32-a0-913-g739538afd8 (webtiles) character file.

Game seed: 14195539540969424097

514 Biggs the Shooter (level 7, -3/50 HPs)
             Began as a Coglin Hunter on Apr 7, 2024.
             Killed by nerve-wracking pain
             ... invoked by a shadow imp
              (8 damage)
             ... on level 5 of the Dungeon.
             The game lasted 00:04:03 (3025 turns).

Biggs the Shooter (Coglin Hunter)                   Turns: 3025, Time: 00:04:03

Health: -3/50      AC:  4    Str: 11    XL:     7   Next: 20%
Magic:  7/7        EV: 11    Int:  9    God:
Gold:   240        SH:  0    Dex: 19    Spells: 6/6 levels left

rFire   . . .        a - +2 sling {Taribatum}
rCold   . . .        d - +0 sling {Gnaeus}
rNeg    . . .        c - +0 leather armour
rPois   .            (no helmet)
rElec   .            (no cloak)
rCorr   .            (no gloves)
SInv    .            t - +0 pair of boots
Will    .....        (amulet unavailable)
Stlth   ++           (ring unavailable)
HPRegen 0.28/turn    (ring unavailable)
MPRegen 0.10/turn    (no gizmo)

%: no passive effects
@: revved
A: off-hand wielding, slow wielding, warmup strikes, no jewellery
a: Invent Gizmo


You were on level 5 of the Dungeon.
You visited 1 branch of the dungeon, and saw 5 of its levels.

You collected 240 gold pieces.

Inventory:

Hand Weapons
 a - a +2 sling (weapon) {Taribatum}
 d - a +0 sling (offhand) {Gnaeus}
Armour
 c - a +0 leather armour (worn)
 t - a +0 pair of boots (worn)
Scrolls
 b - a scroll of butterflies
 f - 3 scrolls of amnesia {unknown}
 h - a scroll of silence {unknown}
 i - a scroll of fog {unknown}
 j - a scroll of enchant weapon {unknown}
 m - 2 scrolls of identify {unknown}
 u - 3 scrolls of fear {unknown}
 v - a scroll of teleportation {unknown}
Potions
 e - a potion of cancellation {unknown}
 g - 2 potions of brilliance {unknown}
 k - a potion of berserk rage {unknown}
 l - a potion of curing {unknown}
 n - a potion of resistance {unknown}
 o - a potion of heal wounds {unknown}
 p - a potion of might {unknown}
 q - 2 potions of degeneration {unknown}
 r - a potion of enlightenment {unknown}
 s - a potion of ambrosia {unknown}


   Skills:
 - Level 2.0 Fighting
 + Level 7.7 Ranged Weapons
 - Level 1.7 Dodging
 - Level 0.7 Stealth


You had 6 spell levels left.
You didn't know any spells.
Your spell library contained the following spells:

 Spells                   Type           Power      Damage    Failure   Level
 Apportation              Tloc           0%         N/A       47%         1
 Necrotise                Necr           0%         1d4       47%         1
 Sting                    Conj/Alch      0%         1d3       47%         1
 Summon Small Mammal      Summ           0%         N/A       47%         1
 Call Imp                 Summ           0%         N/A       63%         2
 Sublimation of Blood     Necr           0%         N/A       63%         2
 Summon Hydra             Summ           0%         N/A       100%        7


Dungeon Overview and Level Annotations

Branches:
Dungeon (5/15)
 Temple: D:4-7

Altars:
Ashenzari
Dithmenos
Yredelemnul
The Shining One

Shops:
D:5 (


Innate Abilities, Weirdness & Mutations

You can wield a second weapon in your off-hand.
It takes a long time for you to wield or remove held weapons.
Your first few attacks do less damage.
You cannot equip rings or amulets.


Message History

You are too injured to fight recklessly!
Unknown command.
Unknown command.
You are too injured to fight recklessly!
You are too injured to fight recklessly!
Unknown command.
You shoot a sling bullet.
The sling bullet hits the sleepcap but does no damage.
The sleepcap is severely damaged.
You shoot a sling bullet. The sling bullet hits the sleepcap.
The sleepcap is severely damaged.
The shadow imp grinds its teeth.
The shadow imp hits you. The sleepcap releases spores at you.
You are engulfed in a cloud of soporific spores!
You are unaffected.
You shoot a sling bullet.
The sling bullet hits the sleepcap but does no damage.
The sleepcap is severely damaged.
You shoot a sling bullet.
The sling bullet hits the sleepcap but does no damage.
The sleepcap is severely damaged.
The shadow imp gestures at you. Pain shoots through your body!
* * * LOW HITPOINT WARNING * * *
The sleepcap closely misses you.
You shoot a sling bullet. The sling bullet hits the sleepcap.
The sleepcap is almost destroyed.
You shoot a sling bullet.
The sling bullet hits the sleepcap but does no damage.
The sleepcap is almost destroyed.
The shadow imp closely misses you.
The sleepcap releases spores at you but does no damage.
You shoot a sling bullet. The sling bullet hits the sleepcap.
The sleepcap is almost destroyed.
You shoot a sling bullet.
The sling bullet hits the sleepcap but does no damage.
The sleepcap is almost destroyed.
The shadow imp gestures at you. Pain shoots through your body!
You die...

####+#### .....).#
..♣...##########
♣.♣..#........#
♣.♣.'........#
♣f@#........#
♣.5.#........#
......#........#
###+####........####
#####........
#.....>.. #........
. #........ #.
#####........


You could see a sleepcap and a shadow imp.

Vanquished Creatures
  2 scorpions (D:5)
  A crimson imp (D:4)
  A jelly (D:5)
  2 hounds (D:4)
  An orc priest (D:3)
  An iguana (D:4)
  Natasha (D:4)
  2 sleepcaps (D:4)
  4 gnolls
  An adder (D:2)
  4 orcs
  6 ball pythons
  6 endoplasms
  3 giant cockroaches
  10 goblins
  14 hobgoblins
  5 jackals
  3 quokkas
  A bat (D:3)
  4 frilled lizards
  A goblin skeleton (D:4)
  A goblin zombie (D:4)
  2 hobgoblin zombies (D:4)
  6 kobolds
  2 kobold zombies (D:4)
  An orc skeleton (D:4)
  3 orc zombies (D:4)
  3 rats
91 creatures vanquished.

Notes
Turn   | Place    | Note
-------+----------+-------------------------------------------
     0 | D:1      | Biggs the Coglin Hunter began the quest for the Orb.
     0 | D:1      | Reached XP level 1. HP: 16/16 MP: 1/1
   200 | D:1      | Reached skill level 4 in Ranged Weapons
   200 | D:1      | Reached XP level 2. HP: 22/22 MP: 2/2
   355 | D:1      | Found a faded altar of an unknown god.
   719 | D:2      | Reached XP level 3. HP: 20/27 MP: 3/3
   824 | D:2      | Reached skill level 5 in Ranged Weapons
   824 | D:2      | Reached XP level 4. HP: 20/33 MP: 4/4
  1489 | D:3      | Reached XP level 5. HP: 38/38 MP: 5/5
  1765 | D:4      | Reached skill level 6 in Ranged Weapons
  1810 | D:4      | Found a glowing golden altar of the Shining One.
  2103 | D:4      | Reached XP level 6. HP: 18/44 MP: 6/6
  2281 | D:4      | Found a basalt altar of Yredelemnul.
  2325 | D:4      | Noticed Natasha
  2333 | D:4      | Killed Natasha
  2389 | D:4      | Found a broken altar of Ashenzari.
  2431 | D:4      | Reached skill level 7 in Ranged Weapons
  2793 | D:5      | Entered Level 5 of the Dungeon
  2796 | D:5      | Found Ijoid's Antique Weapon Shoppe.
  2817 | D:5      | Found a shadowy altar of Dithmenos.
  2881 | D:5      | Reached XP level 7. HP: 37/50 MP: 7/7
  3025 | D:5      | Killed from afar by a shadow imp

Illustrated notes

Levels and vault maps discovered:
D:1:      lemuel_arrival_cross, layout_basic,
          hellmonk_ecumenical_altar_dog_temple, minmay_misc_feat_x
D:2:      layout_rooms, kennysheep_big_empty_room
D:3:      layout_rooms, minmay_goblin_kobold_house
D:4:      layout_basic, lemuel_doored_altar, evilmike_ruin_ashenzari,
          nicolae_tso_besieged_by_evil, kennysheep_nub, uniq_natasha
D:5:      layout_gridville, grunt_dithmenos_smoke_and_mirrors, serial_shops,
          nicolae_shop_hallway_stairs, kennysheep_generic_room_10

Skill      XL: |  1  2  3  4  5  6 |
---------------+-------------------+-----
Ranged Weapons | 4 5 6 7 |  7.7
Fighting       | |  2.0
Dodging        | |  1.7
Stealth        | |  0.7

Action                     |  1- 3 |  4- 6 |  7- 9 || total
---------------------------+-------+-------+-------++-------
   Fire: Sling             |    92 |   306 |    30 ||   428
 Armour: Leather armour    |     7 |    36 |     8 ||    51
  Dodge: Dodged            |     8 |    29 |     5 ||    42

Table legend: (Time is in decaauts)
 A = Elapsed time spent in this place.
 B = Non-inter-level travel time spent in this place.
 C = Inter-level travel time spent in this place.
 D = Time resting spent in this place.
 E = Time spent auto-exploring this place.
 F = Levels seen in this place.
 G = Mean time per level.
                   A        B        C        D        E       F      G
               +--------+--------+--------+--------+--------+-----+--------+
         Total |   3059 |   2925 |    134 |     43 |   2445 |   5 |  611.8 |
       Dungeon |   3059 |   2925 |    134 |     43 |   2445 |   5 |  611.8 |
               +--------+--------+--------+--------+--------+-----+--------+

Top non-repeatable levels by time:
     D:4: 1061 daAuts
     D:1: 756 daAuts
     D:2: 531 daAuts
     D:3: 477 daAuts
     D:5: 233 daAuts
